 Dungeon Crawl Stone Soup version 0.20-a0-267-g4a7ec2a (webtiles) character file.

803 tsouns the Chopper (level 7, -1/57 HPs)
             Began as a Demonspawn Chaos Knight on Dec 6, 2016.
             Slain by Grinder (7 damage)
             ... on level 5 of the Dungeon.
             The game lasted 00:11:42 (3917 turns).

tsouns the Chopper (Demonspawn Chaos Knight)        Turns: 3917, Time: 00:11:43

Health: -1/57      AC:  5    Str: 13    XL:     7   Next: 59%
Magic:  7/7        EV: 11    Int: 14    God:    Xom [..*...]
Gold:   174        SH:  0    Dex: 13    Spells: 6/6 levels left

rFire  + . .     SeeInvis .     B - +1 hand axe (chop)
rCold  . . .     Gourm    +     b - +2 leather armour
rNeg   . . .     Faith    .     (no shield)
rPois  .         Spirit   .     (helmet restricted)
rElec  .         Reflect  .     (no cloak)
rCorr  .         Harm     .     (no gloves)
MR     .....                    (no boots)
Stlth  +.........               e - amulet of the gourmand
                                (no ring)
                                k - ring of flight

@: no status effects
A: antennae 1, talons 2, fire resistance 1, spiny 1
a: Renounce Religion, Evoke Flight


You were on level 5 of the Dungeon.
You worshipped Xom.
You were a toy of Xom.
You were completely stuffed.

You visited 1 branch of the dungeon, and saw 6 of its levels.
You also visited: Ossuary.

You collected 174 gold pieces.

Inventory:

Hand Weapons
 a - a +5 hand axe of chaos
 y - a +0 war axe
 B - a +1 hand axe of chopping (weapon)
Missiles
 f - 8 javelins (quivered)
Armour
 b - a +2 leather armour (worn)
 n - a +0 plate armour
Jewellery
 e - an amulet of the gourmand (around neck)
 k - a ring of flight (left hand)
 q - an uncursed amulet of guardian spirit {unknown}
Wands
 v - a wand of lightning (1/15)
 C - a wand of slowing (18/48)
Scrolls
 j - 3 scrolls of remove curse
 p - 2 scrolls of magic mapping
 s - a scroll of fog
Potions
 g - a potion of invisibility {unknown}
 h - a potion of agility {unknown}
 i - 3 potions of resistance
 l - a potion of might
 m - 3 potions of curing
 o - 3 potions of brilliance {unknown}
 r - 3 potions of haste {unknown}
 u - 2 potions of cancellation {unknown}
 w - 2 potions of lignification {unknown}
 x - 2 potions of flight {unknown}
 z - a potion of ambrosia
 A - a potion of magic {unknown}
Comestibles
 c - a bread ration
 d - 2 meat rations
 t - 5 chunks of flesh


   Skills:
 + Level 5.6 Fighting
 * Level 7.0 Axes
 - Level 1.7 Armour
 - Level 0.8 Dodging


You had 6 spell levels left.
You didn't know any spells.

Dungeon Overview and Level Annotations

Branches:
Dungeon (6/15)             Temple (0/1) D:4

Altars:
Fedhas
Gozag
Hepliaklqana
Nemelex Xobeh
Okawaru

Annotations:
D:5 Grinder


Innate Abilities, Weirdness & Mutations

You have a pair of small antennae on your head.
You have razor-sharp toenails.
Your flesh is heat resistant. (rF+)
You are partially covered in sharp spines.


Message History

You can move again.
A centaur comes into view.
Unknown command.
Unknown command.
You hit Grinder.
Grinder is moderately wounded.
The centaur wields a shortbow.
The centaur shoots an arrow.
The arrow completely misses you. Grinder is struck by your spines.
Grinder hits you.
You writhe in agony.
You slash Grinder!
Grinder is heavily wounded.
Grinder hits you.
You hit Grinder. You claw Grinder, but do no damage.
Grinder is severely wounded.
Xom smirks.
You detect items!
The centaur shoots an arrow.
The arrow hits you!
* * * LOW HITPOINT WARNING * * *
Grinder is struck by your spines. Grinder hits you!
You die...
Xom titters!

######.#
)......###########
.##...........#..
....#######.#.#.#
###.......#.#.#c## #
#######.#.#....# #
##....#.#...#.#.## #
#.....#.###...##.##.#
#
#..(..#.......@5...#
#
#.....#####.#.##....#
###...÷## #.#.# ..##
##....## #.... .#
##.##.# #.... ..
.####.#### #.##. ..
.........# .. .# . ∆
########## #..
........... ∆


You could see Grinder and a centaur.

Vanquished Creatures
  A centaur (D:5)
  A scorpion (D:4)
  A centaur skeleton (D:5)
  3 hounds
  A bullfrog skeleton (D:4)
  2 orc priests (D:4)
  4 orc wizards
  An iguana (D:5)
  A worker ant (D:4)
  2 hound skeletons (D:3)
  2 mummies (Ossuary)
  7 adders
  4 gnolls (D:4)
  2 oozes
  8 adder zombies (Ossuary)
  A worm (D:2)
  5 dart slugs
  2 leopard geckos
  14 orcs
  4 bats
  3 giant cockroaches
  2 gnoll zombies (Ossuary)
  11 goblins
  5 hobgoblins
  7 jackals
  3 quokkas
  2 frilled lizards
  5 hobgoblin zombies (Ossuary)
  4 kobolds
  3 kobold zombies (Ossuary)
  A leopard gecko skeleton (D:4)
  2 orc zombies (Ossuary)
  3 rats (D:1)
  4 fungi (D:3)
  3 plants (D:3)
124 creatures vanquished.

Vanquished Creatures (others)
  A fungus (D:3)
1 creature vanquished.

Grand Total: 125 creatures vanquished

Notes
Turn   | Place    | Note
-------+----------+-------------------------------------------
     0 | D:1      | tsouns the Demonspawn Chaos Knight began the quest for the Orb.
     0 | D:1      | Reached XP level 1. HP: 18/18 MP: 1/1
    62 | D:1      | XOM: potion effect (invisibility)
    76 | D:1      | Reached skill level 3 in Axes
   174 | D:1      | Gained mutation: You are partially covered in sharp spines. [demonic ancestry]
   174 | D:1      | Reached XP level 2. HP: 18/24 MP: 2/2
   215 | D:1      | XOM: harmless Hex miscast
   517 | D:1      | XOM: divination: detect creatures
   820 | D:2      | Found a hazy altar of Hepliaklqana.
   977 | D:2      | Reached XP level 3. HP: 26/29 MP: 3/3
  1134 | D:2      | Reached skill level 4 in Axes
  1365 | D:2      | XOM: harmless Conj miscast
  1367 | D:2      | Gained mutation: Your flesh is heat resistant. (rF+) [demonic ancestry]
  1367 | D:2      | Reached XP level 4. HP: 23/35 MP: 4/4
  1685 | D:3      | Found an opulent altar of Gozag.
  1801 | D:3      | Gained mutation: You have sharp toenails. [demonic ancestry]
  1801 | D:3      | Reached XP level 5. HP: 42/42 MP: 5/5
  1923 | D:3      | Found a blossoming altar of Fedhas.
  1928 | D:3      | XOM: smoke on damage
  1930 | D:3      | Reached skill level 5 in Axes
  2013 | D:3      | XOM: noise
  2205 | D:4      | Gained mutation: You have razor-sharp toenails. [demonic ancestry]
  2205 | D:4      | Reached XP level 6. HP: 34/48 MP: 6/6
  2214 | D:4      | Found a sparkling altar of Nemelex Xobeh.
  2214 | D:4      | Found an iron altar of Okawaru.
  2309 | D:4      | Found a sand-covered staircase.
  2366 | Ossuary  | Entered an ossuary
  2501 | Ossuary  | XOM: smoke on damage
  2599 | Ossuary  | XOM: smoke on damage
  2725 | Ossuary  | XOM: divination: detect items
  2781 | D:4      | Reached skill level 6 in Axes
  2792 | D:4      | Found a staircase to the Ecumenical Temple.
  2841 | D:4      | Reached skill level 5 in Fighting
  2841 | D:4      | Gained mutation: You have a pair of small antennae on your head. [demonic ancestry]
  2841 | D:4      | Reached XP level 7. HP: 18/56 MP: 7/7
  2874 | D:4      | XOM: cloud trail
  3156 | D:4      | You fall through a shaft for 2 floors!
  3176 | D:5      | Entered Level 5 of the Dungeon
  3245 | D:5      | XOM: harmless Conj miscast
  3635 | D:4      | Found a sparkling altar of Nemelex Xobeh.
  3823 | D:5      | XOM: 2-stop teleportation journey
  3834 | D:5      | XOM: noise
  3885 | D:5      | XOM: god gift: weird jewelled staff {god gift}
  3902 | D:5      | Reached skill level 7 in Axes
  3904 | D:5      | Noticed Grinder
  3910 | D:5      | Paralysed by Grinder for 5 turns
  3917 | D:5      | XOM: divination: detect items
  3917 | D:5      | Slain by Grinder

Vault maps used:
D:1:      dpeg_chamrin_arrival_tetris, minmay_misc_feat_diagonals,
          glass_columns_c, minmay_ruptured
D:2:      old_standard_altar
D:3:      grunt_gozag_breadcrumbs, kennysheep_another_room, fedhas_altar_3
D:4:      grunt_temple_overflow_open, enter_ossuary_1, serial_park_tiny_2,
          grunt_decor_one_mirror, nemelex_xobeh_ov_fountains_minmay
D:5:      good_gods_temple_1, serial_co_window_serial, co_window_paths_a,
          co_window_corner_a, co_window_paths_b, co_window_corner_a,
          co_window_of_opportunity_a, co_window_paths_b, co_window_broadway_a,
          co_window_corner_b, co_window_2corner, co_window_corner_cb,
          co_window_sun, co_window_paths_e, glass_columns_a, glass_columns_b,
          glass_columns_c, first_bread, uniq_grinder
D:6:      grunt_temple_overflow_champion_of_chaos, lemuel_coloured_pillars_altar
Ossuary:  ossuary_tomb_2

Skill      XL: |  1  2  3  4  5  6  7 |
---------------+----------------------+-----
Axes           | 3 4 5 6 7 |  7.0
Fighting       | 4 5 |  5.6
Armour         | |  1.7
Dodging        | |  0.8

Action                   |  1- 3 |  4- 6 |  7- 9 || total
-------------------------+-------+-------+-------++-------
Melee: Hand axe          |    80 |   144 |    55 ||   279
       Kick              |       |    36 |    13 ||    49
Throw: Javelin           |     1 |       |       ||     1
  Use: Scroll            |     7 |     7 |     1 ||    15
       Potion            |     2 |     2 |       ||     4
 Stab: Invisible         |     4 |       |       ||     4
       Paralysed         |       |     1 |       ||     1
       Sleeping          |       |     1 |       ||     1
  Eat: Chunk             |    17 |     5 |     4 ||    26
Armor: Leather armour    |    18 |    24 |     8 ||    50
Dodge: Dodged            |    40 |    46 |    27 ||   113
